 Dungeon Crawl Stone Soup version 0.24-a0-462-ge24419a6ad (webtiles) character file.

Game seed: 6529984941628451710

188 Mrkan the Poker (level 5, -1/41 HPs)
             Began as a Merfolk Gladiator on July 2, 2019.
             Was an Initiate of Gozag.
             Slain by a hippogriff (3 damage)
             ... on level 4 of the Dungeon.
             The game lasted 00:08:27 (2220 turns).

Mrkan the Poker (Merfolk Gladiator)                 Turns: 2220, Time: 00:08:28

Health: -1/41      AC:  4    Str: 16    XL:     5   Next: 67%
Magic:  5/5        EV: 14    Int:  7    God:    Gozag
Gold:   257        SH:  0    Dex: 15    Spells: 4/4 levels left

rFire    . . .     SeeInvis .   a - +0 trident
rCold    . . .     Gourm    .   (no shield)
rNeg     . . .     Faith    .   b - +0 leather armour
rPois    .         Spirit   .   c - +0 helmet
rElec    .         Reflect  .   (no cloak)
rCorr    .         Harm     .   (no gloves)
MR       .....                  (no boots)
Stlth    +.........             (no amulet)
HPRegen  0.13/turn              (no ring)
MPRegen  0.09/turn              (no ring)

@: no status effects
A: change form in water, swift swim, stealthy swim
a: Potion Petition, Call Merchant, Bribe Branch, Renounce Religion


You were on level 4 of the Dungeon.
You worshipped Gozag.
Gozag was aware of your devotion.
You were hungry.

You visited 1 branch of the dungeon, and saw 4 of its levels.

You collected 329 gold pieces.
You paid 72 gold pieces to Gozag.

Inventory:

Hand Weapons
 a - a +0 trident (weapon)
Missiles
 d - 3 throwing nets (quivered)
 e - 95 stones
 p - 38 bolts
Armour
 b - a +0 leather armour (worn)
 c - a +0 helmet (worn)
 r - a +0 helmet
 s - a +0 large shield
Jewellery
 v - a cursed -2 ring of intelligence {unknown}
 w - an uncursed amulet of rage
Scrolls
 h - a scroll of magic mapping {unknown}
 i - 3 scrolls of teleportation
 j - a scroll of fog {unknown}
 n - a scroll of identify
 o - a scroll of remove curse {unknown}
Potions
 g - a potion of degeneration {unknown}
 k - a potion of curing {unknown}
 l - a potion of flight {unknown}
 m - 2 potions of berserk rage {unknown}
 q - a potion of heal wounds
 t - a potion of lignification {unknown}
 u - a potion of magic {unknown}
Comestibles
 f - 8 rations


   Skills:
 + Level 3.6 Fighting
 * Level 7.2 Polearms
 - Level 2.0 Throwing
 + Level 5.0 Dodging


You had 4 spell levels left.
You didn't know any spells.
Your spell library was empty.

Dungeon Overview and Level Annotations

Branches:
Dungeon (4/15)
 Temple: D:4-7

Altars:
Ashenzari
Gozag
Okawaru
Ru
Vehumet


Message History

The hippogriff bites you! The hippogriff closely misses you.
The hippogriff completely misses you.
You hit the hippogriff.
The hippogriff is moderately wounded.
The hippogriff bites you. The hippogriff barely misses you.
The hippogriff closely misses you.
You hit the hippogriff.
The hippogriff is heavily wounded.
You hit the hippogriff.
The hippogriff is heavily wounded.
The hippogriff bites you! The hippogriff pecks you. The hippogriff claws you.
You completely miss the hippogriff.
The hippogriff is heavily wounded.
The hippogriff bites you.
* * * LOW HITPOINT WARNING * * *
The hippogriff pecks you!
* * * LOW HITPOINT WARNING * * *
The hippogriff claws you.
You die...
Your body crumbles into a pile of gold.

.####.#. $ ..>.....
... .. .#####. ...
.# .# #. #.. $.. .#
#.# #.# .# .# #.#
#.# s# .# #.# #.#
w# .# ##.# ##.###H#
.####..#####....@.#
.............###..#
......#.####.# #.##
####.#.## #.# #.#
##.## #.. ..# ###
###.### .# #


You could see a hippogriff, a scorpion and a dart slug.

Vanquished Creatures
  Natasha (D:2)
  A worker ant (D:4)
  An adder (D:2)
  3 oozes
  5 worms
  A dart slug (D:2)
  2 leopard geckos
  4 orcs (D:3)
  A ball python (D:3)
  6 giant cockroaches
  10 goblins
  12 hobgoblins
  11 jackals
  6 kobolds
  2 quokkas
  9 bats
  6 frilled lizards
  A quokka skeleton (D:2)
  7 rats
89 creatures vanquished.

Notes
Turn   | Place    | Note
-------+----------+-------------------------------------------
     0 | D:1      | Mrkan the Merfolk Gladiator began the quest for the Orb.
     0 | D:1      | Reached XP level 1. HP: 16/16 MP: 1/1
    58 | D:1      | Reached skill level 5 in Polearms
    58 | D:1      | Reached XP level 2. HP: 18/23 MP: 2/2
   164 | D:1      | Reached XP level 3. HP: 26/28 MP: 3/3
   640 | D:2      | Reached skill level 6 in Polearms
   683 | D:2      | Found a radiant altar of Vehumet.
   709 | D:2      | Reached XP level 4. HP: 23/35 MP: 4/4
  1269 | D:2      | Found a shattered altar of Ashenzari.
  1299 | D:2      | Found an opulent altar of Gozag.
  1299 | D:2      | Found an iron altar of Okawaru.
  1300 | D:2      | Found a sacrificial altar of Ru.
  1472 | D:3      | Noticed Natasha
  1490 | D:2      | Killed Natasha
  1490 | D:2      | Reached XP level 5. HP: 22/41 MP: 5/5
  1757 | D:3      | Reached skill level 7 in Polearms
  1861 | D:3      | Found an opulent altar of Gozag.
  1881 | D:3      | Became a worshipper of Gozag Ym Sagoz the Greedy
  2174 | D:4      | Reached skill level 5 in Dodging
  2212 | D:4      | Noticed a hippogriff
  2220 | D:4      | HP: 2/41 [hippogriff (8)]
  2220 | D:4      | Slain by a hippogriff

Levels and vault maps discovered:
D:1:      saegor_arrival_simple_e, layout_rooms, serial_bayou,
          serial_bayou_ford_a, serial_bayou_pond_c, serial_bayou_pond_b,
          serial_bayou_pond_c, hex_medium, interstate_on_off,
          hangedman_decor_diamond_cutter
D:2:      layout_loops_ring, vehumet_crystals, lemuel_doored_altar,
          nicolae_overflow_hidden_temple
D:3:      layout_rooms, chequers_arboretum,
          nicolae_gozag_cash_rules_everything_around_me, uniq_natasha
D:4:      layout_loops_ring, first_ration

Skill      XL: |  1  2  3  4  5 |
---------------+----------------+-----
Polearms       | 5 6 7 |  7.2
Fighting       | 3 |  3.6
Dodging        | 5 |  5.0
Throwing       | |  2.0

Action                   |  1- 3 |  4- 6 || total
-------------------------+-------+-------++-------
Melee: Trident           |   120 |   193 ||   313
       Tailslap          |     4 |       ||     4
  Use: Potion            |       |     1 ||     1
       Scroll            |       |     2 ||     2
 Stab: Sleeping          |     1 |     1 ||     2
       Distracted        |       |     1 ||     1
  Eat: Chunk             |       |     4 ||     4
Armor: Leather armour    |    35 |    31 ||    66
Dodge: Dodged            |   107 |   107 ||   214

Table legend:
 A = Non-vault XP
 B = Vault XP
 C = Vault XP percentage of total XP
 D = Non-vault monster count
 E = Vault monster count
 F = Vault count percentage of total count
                 A         B        C        D         E       F
            +---------+---------+-------+---------+---------+-------
      Total |     225 |      44 |  16.4 |      84 |       5 |   5.6
            +---------+---------+-------+---------+---------+-------
        D:1 |      60 |       8 |  11.8 |      30 |       4 |  11.8
        D:2 |      72 |      36 |  33.3 |      26 |       1 |   3.7
        D:3 |      58 |       0 |   0.0 |      26 |       0 |   0.0
        D:4 |      35 |       0 |   0.0 |       2 |       0 |   0.0
            +---------+---------+-------+---------+---------+-------
